 Dungeon Crawl Stone Soup version 0.22-a0-271-gc000056 (webtiles) character file.

9 varam the Sneak (level 2, 0/15 HPs)
             Began as a Kobold Enchanter on Mar 11, 2018.
             Slain by a leopard gecko (4 damage)
             ... on level 1 of the Dungeon.
             The game lasted 00:02:05 (542 turns).

varam the Sneak (Kobold Enchanter)                   Turns: 542, Time: 00:02:05

Health: 0/15       AC:  2    Str:  5    XL:     2   Next: 20%
Magic:  0/5        EV: 15    Int: 16    God:
Gold:   17         SH:  0    Dex: 15    Spells: 2/5 levels left

rFire    . . .     SeeInvis .   a - +1 dagger
rCold    . . .     Gourm    .   (shield restricted)
rNeg     . . .     Faith    .   b - +0 robe
rPois    .         Spirit   .   (no helmet)
rElec    .         Reflect  .   (no cloak)
rCorr    .         Harm     .   (no gloves)
MR       .....                  (no boots)
Stlth    +++.......             (no amulet)
HPRegen  0.05/turn              (no ring)
MPRegen  0.09/turn              (no ring)

@: no status effects
A: small, carnivore
a: no special abilities


You were on level 1 of the Dungeon.
You were not hungry.

You visited 1 branch of the dungeon, and saw 1 of its levels.

You collected 17 gold pieces.

Inventory:

Hand Weapons
 a - a +1 dagger (weapon)
Armour
 b - a +0 robe (worn)
Scrolls
 e - a scroll of remove curse {unknown}
Potions
 c - a potion of magic {unknown}
Comestibles
 d - 2 rations


   Skills:
 + Level 2.2 Short Blades
 - Level 2.4 Dodging
 + Level 4.5 Stealth
 - Level 2.1 Spellcasting
 - Level 3.0 Hexes


You had 2 spell levels left.
You knew the following spells:

 Your Spells              Type           Power        Failure   Level  Hunger
a - Corona                Hex            ##.....      6%          1    #......
z - Ensorcelled Hibernat  Hex/Ice        #.....       17%         2    ###....


Dungeon Overview and Level Annotations

Branches:
Dungeon (1/15)

Altars:


Innate Abilities, Weirdness & Mutations

You are small and have problems with some larger weapons.
You are carnivorous and can eat meat at any time.


Message History

The leopard gecko bites you.
The leopard gecko completely misses you.
Casting: Corona (safe; 6% risk of failure)
Confirm with . or Enter, or press ? or * to list all spells.
Okay, then.
The leopard gecko completely misses you.
There is an open door here.
The leopard gecko misses you. The leopard gecko misses you.
Your magical contamination has completely faded away.
Casting: Corona (safe; 6% risk of failure)
Confirm with . or Enter, or press ? or * to list all spells.
Aiming: Ensorcelled Hibernation (safe; 17% risk of failure)
Press: ? - help, Shift-Dir - straight line, f/p - leopard gecko
Aim: a leopard gecko (clinging, chance to defeat MR: 55%)
The leopard gecko resists with significant effort.
The leopard gecko bites you.
The leopard gecko completely misses you.
The leopard gecko bites you.
You die...

#############
#.......@l..#
#.#########.#
###.#### #.# #......#
#.#
#######......######.#
......#......#....>.#
......#...####......#
......#..)# #......#
......###.# ###'##.#


You could see a leopard gecko.

Vanquished Creatures
  A leopard gecko (D:1)
  A bat (D:1)
  2 goblins (D:1)
  A hobgoblin (D:1)
  2 frilled lizards (D:1)
7 creatures vanquished.

Notes
Turn   | Place    | Note
-------+----------+-------------------------------------------
     0 | D:1      | varam the Kobold Enchanter began the quest for the Orb.
     0 | D:1      | Reached XP level 1. HP: 10/10 MP: 3/3
   158 | D:1      | Reached skill level 2 in Short Blades
   228 | D:1      | Reached XP level 2. HP: 5/15 MP: 3/5
   417 | D:1      | Learned a level 2 spell: Ensorcelled Hibernation
   542 | D:1      | Slain by a leopard gecko

Vault maps used:
D:1:      kilobyte_arrival_exit_the_forest

Skill      XL: |  1 |
---------------+----+-----
Short Blades   | 2 |  2.2
Dodging        | |  2.4
Stealth        | |  4.5
Spellcasting   | |  2.1
Hexes          | |  3.0

Action                   || total
-------------------------++-------
Melee: Dagger            ||    30
 Cast: Corona            ||     8
       Ensorcelled Hiber ||     2
 Stab: Sleeping          ||     1
  Eat: Chunk             ||     2
Armor: Robe              ||     1
Dodge: Dodged            ||    30

Table legend:
 A = Spawn XP
 B = Non-spawn XP
 C = Spawn XP percentage of total XP
 D = Spawn monster count
 E = Non-spawn monster count
 F = Spawn count percentage of total count
 G = Total turns spent on level
                    A         B        C        D         E        F      G
               +---------+---------+-------+---------+---------+-------+---------
         Total |       0 |      13 |   0.0 |       0 |       7 |   0.0 |   542
               +---------+---------+-------+---------+---------+-------+---------
           D:1 |       0 |      13 |   0.0 |       0 |       7 |   0.0 |   542
               +---------+---------+-------+---------+---------+-------+---------
